Map: King's Cove LE

Players

Bly - Winner!

  • Race: Zerg Zerg
  • Spawn Location: 11:00

goblin

  • Race: Protoss Protoss
  • League: Master
  • Spawn Location: 5:00

Event: 2019 WCS Winter Europe

VOD

Have the link to the VOD?

Description

Time

  • Played on: Jan. 31, 2019, 11:27 a.m.
  • Length: 16:30

All games in this series

Show
View Real Time Build Order
Export as new Build Order

Bly Zerg - Winner!

Build Orders: Hatch First 

Get SALT Encoding   

  12  0:01  Drone  
  13  0:13  Overlord  
  13  0:19  Drone  
  14  0:31  Drone x2  
  16  0:52  Hatchery  
  16  0:55  Drone  
  16  1:27  Drone  
  16  1:28  Drone  
  18  1:36  Spawning Pool  
  17  1:40  Hatchery  
  17  1:43  Drone  
  17  1:45  Drone  
  18  1:49  Extractor  
  18  1:50  Drone  
  18  2:00  Drone  
  19  2:04  Drone  
  20  2:10  Drone  
  21  2:25  Queen x2  
  21  2:26  Zergling x2  
  21  2:27  Zergling x2  
  27  2:33  Overlord  
  27  2:54  Queen  
  27  2:55  Zergling x2  
  27  2:56  Zergling x8  
  34  3:01  Metabolic Boost  
  34  3:12  Overlord  
  34  3:14  Zergling x2  
  34  3:15  Zergling x4  
  37  3:23  Drone  
  37  3:24  Drone x2  
  37  3:26  Zergling x2  
  41  3:39  Queen  
  41  3:40  Overlord  
  43  3:44  Zergling x2  
  41  3:53  Zergling x8  
  44  4:01  Zergling x10  
  43  4:12  Zergling x6  
  43  4:13  Zergling x2  
  43  4:24  Zergling x2, Drone  
  44  4:25  Drone x4  
  47  4:38  Drone x3  
  47  4:39  Drone  
  47  4:46  Zergling x4  
  46  4:55  Drone x7  
  46  4:58  Zergling x2  
  53  5:03  Zergling x2  
  52  5:14  Zergling x2  
  52  5:22  Drone x2  
  52  5:23  Drone x3  
  56  5:30  Zergling x2  
  56  5:35  Queen  
  56  5:36  Spore Crawler  
  56  5:37  Spore Crawler  
  56  5:41  Hatchery  
  55  5:48  Zergling x2  
  55  5:49  Zergling x2  
  56  5:52  Queen  
  52  6:03  Drone x2  
  52  6:04  Drone x7  
  57  6:08  Zergling x4  
  56  6:12  Drone  
  57  6:19  Overlord  
  57  6:28  Overlord x2  
  57  6:36  Overlord  
  57  6:37  Overlord x2  
  55  6:44  Zergling x2  
  55  6:47  Overlord x2  
  55  6:55  Queen  
  54  7:02  Spore Crawler  
  54  7:06  Zergling x6  
  56  7:10  Hatchery  
  56  7:11  Drone x3  
  56  7:12  Drone x6  
  63  7:19  Drone x2  
  63  7:20  Drone  
  63  7:22  Drone x3  
  64  7:25  Drone x3  
  64  7:28  Drone  
  66  7:40  Drone x5  
  71  7:50  Drone x4  
  72  7:57  Drone  
  73  8:08  Overlord  
  73  8:10  Extractor x2, Queen x2  
  73  8:11  Lair  
  73  8:12  Overlord  
  71  8:18  Overlord x2  
  70  8:20  Overlord x4  
  70  8:25  Spore Crawler  
  70  8:26  Drone x3  
  72  8:27  Spore Crawler x2  
  72  8:31  Drone x2  
  72  8:32  Drone  
  73  8:37  Drone  
  73  8:39  Drone  
  75  8:43  Overlord  
  75  8:44  Queen  
  75  8:46  Queen  
  79  8:49  Spore Crawler  
  79  8:52  Drone x4  
  82  9:03  Drone x3  
  74  9:10  Drone x5  
  74  9:16  Queen x2  
  80  9:18  Nydus Network, Extractor  
  80  9:20  Queen  
  81  9:38  Zergling x28  
  81  9:40  Roach Warren  
  81  9:41  Queen  
  95  9:51  Zergling x8  
  95  9:52  Queen x2  
  103  9:56  Queen  
  101  10:10  Hydralisk Den  
  98  10:16  Queen  
  94  10:24  Zergling x2  
  94  10:25  Zergling x30  
  94  10:27  Queen  
  99  10:42  Spore Crawler, Drone x8  
  99  10:51  Drone  
  99  10:52  Drone x5  
  99  10:55  Spore Crawler x2  
  99  10:56  Spore Crawler  
  102  10:57  Overlord  
  102  10:58  Overlord  
  102  10:59  Overlord x3  
  102  11:02  Spore Crawler  
  97  11:06  Nydus Canal  
  97  11:10  Overlord  
  92  11:21  Overlord x4  
  92  11:25  Overlord x3  
  92  11:26  Overlord x3  
  89  11:49  Muscular Augments  
  89  11:52  Hydralisk x11  
  110  11:57  Queen x3  
  110  12:01  Nydus Canal  
  113  12:06  Hydralisk x4  
  121  12:10  Hydralisk  
  121  12:15  Hydralisk x2  
  123  12:18  Hydralisk  
  125  12:23  Queen  
  125  12:28  Hydralisk x2  
  131  12:32  Queen  
  131  12:36  Hydralisk x4  
  133  12:43  Hydralisk x3  
  145  12:58  Nydus Canal  
  145  12:59  Queen  
  145  13:00  Grooved Spines, Queen, Overlord x4  
  148  13:14  Evolution Chamber  
  148  13:19  Hydralisk x8  
  161  13:36  Hydralisk x2  
  161  13:37  Hydralisk  
  161  13:38  Queen x3  
  173  13:44  Drone x3  
  173  13:45  Drone x4  
  159  13:58  Nydus Canal  
  159  14:01  Hydralisk x3  
  162  14:09  Drone x5  
  168  14:10  Extractor, Drone x5  
  168  14:11  Extractor  
  166  14:25  Hydralisk, Zerg Ground Armor Level 1  
  166  14:27  Zergling x16  
  175  14:32  Nydus Canal  
  175  14:38  Drone x3  
  178  14:47  Extractor  
  178  14:48  Extractor  
  176  14:53  Hydralisk  
  176  14:54  Hydralisk x2  
  176  14:55  Overlord x2  
  176  14:57  Hatchery  
  159  15:07  Hydralisk x7  
  143  15:16  Hydralisk x3  
  140  15:33  Hydralisk x5  
  148  15:48  Spore Crawler x2  
  145  15:50  Spore Crawler x2  
  145  15:51  Spore Crawler  
  145  15:52  Spore Crawler  
  145  15:53  Hydralisk x5  
  145  15:54  Spore Crawler  
Show
View Real Time Build Order
Export as new Build Order

goblin Protoss 

Build Orders: 1 Gate Expand, Oracle Opening, Carriers 

Get SALT Encoding   

  12  0:00  Probe  
  13  0:12  Probe  
  14  0:18  Pylon  
  14  0:24  Probe  
  15  0:33  Probe  
  15  0:39  Gateway  
  15  0:41  Probe  
  16  0:47  Assimilator  
  17  0:51  Probe  
  18  1:03  Probe  
  19  1:32  Nexus  
  19  1:37  Assimilator  
  19  1:41  Probe  
  19  1:43  Cybernetics Core  
  20  1:53  Probe  
  21  1:54  Pylon  
  21  1:57  Zealot  
  23  2:09  Probe  
  24  2:15  Stalker  
  24  2:17  Probe  
  25  2:26  Probe  
  28  2:31  Stargate  
  28  2:36  Pylon  
  28  2:39  Probe  
  29  2:49  Adept  
  32  2:56  Gateway  
  31  3:03  Oracle, Shield Battery  
  30  3:11  Warp Gate  
  32  3:19  Adept  
  35  3:25  Probe  
  36  3:34  Shield Battery  
  36  3:39  Probe  
  36  3:40  Probe  
  38  3:42  Oracle  
  38  4:12  Probe  
  38  4:17  Gateway  
  38  4:18  Probe  
  38  4:20  Probe  
  39  4:26  Probe  
  41  4:35  Probe  
  42  4:43  Gateway  
  42  4:44  Oracle  
  42  4:55  Probe x2  
  46  5:07  Probe  
  46  5:11  Probe  
  46  5:15  Adept  
  46  5:20  Phoenix  
  48  5:27  Probe x2  
  49  5:32  Pylon  
  51  5:39  Probe  
  51  5:40  Probe  
  53  5:49  Phoenix, Pylon  
  55  5:50  Pylon  
  55  6:05  Probe  
  55  6:08  Probe  
  57  6:13  Assimilator  
  57  6:14  Phoenix, Assimilator  
  59  6:20  Probe  
  59  6:23  Stalker  
  59  6:24  Zealot  
  64  6:26  Probe  
  64  6:30  Stargate  
  64  6:32  Probe  
  66  6:38  Probe  
  65  6:46  Probe  
  66  6:48  Phoenix  
  66  6:51  Zealot  
  66  6:52  Protoss Air Weapons Level 1  
  68  7:02  Probe  
  68  7:03  Probe  
  70  7:34  Pylon x2  
  70  7:43  Phoenix  
  70  7:45  Probe  
  70  7:47  Probe  
  70  7:51  Phoenix  
  70  7:57  Pylon  
  74  8:05  Stargate  
  74  8:08  Phoenix  
  74  8:09  Phoenix  
  74  8:11  Probe x2  
  80  8:23  Probe x2, Pylon  
  82  8:30  Phoenix  
  82  8:31  Phoenix  
  84  8:35  Probe  
  87  8:46  Pylon  
  87  8:48  Phoenix  
  87  8:49  Phoenix  
  91  8:56  Phoenix  
  89  9:13  Probe x2  
  89  9:14  Phoenix  
  89  9:15  Phoenix  
  89  9:16  Nexus  
  93  9:18  Pylon  
  93  9:20  Pylon  
  93  9:21  Phoenix  
  95  9:26  Probe x2  
  95  9:35  Phoenix  
  95  9:39  Phoenix  
  95  9:42  Probe x2  
  95  9:43  Fleet Beacon  
  101  9:46  Phoenix  
  101  9:47  Assimilator  
  101  9:48  Assimilator  
  103  10:05  Phoenix  
  102  10:22  Oracle x2  
  102  10:25  Oracle  
  98  10:30  Zealot x2  
  105  10:39  Pylon  
  89  11:00  Adept  
  91  11:14  Pylon  
  91  11:16  Carrier  
  91  11:17  Adept, Pylon  
  85  11:26  Carrier  
  85  11:27  Oracle  
  98  11:56  Carrier  
  104  12:18  Zealot x2  
  108  12:23  Carrier  
  114  12:36  Carrier  
  120  12:44  Zealot x2  
  124  13:03  Carrier  
  130  13:19  Pylon x2  
  130  13:26  Pylon  
  130  13:29  Carrier  
  130  13:35  Protoss Air Weapons Level 2  
  136  13:46  Carrier  
  123  14:01  Zealot, Adept  
  124  14:04  Probe  
  123  14:19  Nexus  
  123  14:20  Pylon  
  123  14:31  Adept x2  
  127  14:35  Carrier  
  133  15:08  Zealot x2  
Tags
 
Add a new tag
Caveats
  • Supply blocks, unpowered buildings, or Contaminate may cause inaccurate times.
  • Supply counts are checked every 10 seconds.